 Dungeon Crawl Stone Soup version 0.19.1-1-g22dce08 (webtiles) character file.

1044 Peloso the Slasher (level 8, -8/67 HPs)
             Began as a Ghoul Fighter on Jan 6, 2017.
             Was an Initiate of Okawaru.
             Mangled by an ogre
             ... wielding a +0 giant spiked club
              (20 damage)
             ... on level 5 of the Dungeon.
             The game lasted 00:12:55 (4975 turns).

Peloso the Slasher (Ghoul Fighter)                  Turns: 4975, Time: 00:12:56

Health: -8/67      AC: 10    Str: 20    XL:     8   Next: 25%
Magic:  7/7        EV:  6    Int:  3    God:    Okawaru [......]
Gold:   225        SH: 12    Dex: 10    Spells: 0 memorised, 7 levels left

rFire  . . .     SeeInvis +     a - +0 long sword
rCold  + . .     Gourm    .     u - +0 chain mail
rNeg   + + +     Faith    .     c - +0 shield
rPois  ∞         Spirit   .     (no helmet)
rElec  .         Reflect  +     (no cloak)
rCorr  .         Harm     .     j - +0 pair of gloves
MR     .....                    (no boots)
Stlth  ..........               h - +3 amulet of reflection
                                y - ring of poison resistance
                                t - ring of see invisible

@: rotting
A: rotting body, claws 1, carnivore 3, cold resistance 1, negative energy
resistance 3, slow regeneration 1, torment resistance, unbreathing
a: Renounce Religion


You were on level 5 of the Dungeon.
You worshipped Okawaru.
Okawaru was noncommittal.
You were not hungry.

You visited 1 branch of the dungeon, and saw 5 of its levels.

You collected 225 gold pieces.

Inventory:

Hand Weapons
 a - a +0 long sword (weapon)
Armour
 c - a +0 shield (worn)
 j - a +0 pair of gloves (worn)
 u - a +0 chain mail (worn)
Jewellery
 h - a +3 amulet of reflection (around neck)
 t - a ring of see invisible (left hand)
 y - a ring of poison resistance (right hand)
Wands
 x - a wand of lightning (3/15)
Scrolls
 b - a scroll of blinking {unknown}
 d - 2 scrolls of fear {unknown}
 g - a scroll of remove curse
 k - a scroll of fog {unknown}
 n - 4 scrolls of teleportation
 r - a scroll of amnesia {unknown}
 w - a scroll of magic mapping {unknown}
Potions
 e - a potion of cancellation
 i - 3 potions of curing
 o - a potion of resistance
 p - a potion of heal wounds
 v - a potion of haste
 z - a potion of lignification {unknown}
Books
 s - a book of Misfortune

   Spells                             Type                      Level
   a - Confusing Touch                Hexes                        1
   b - Confuse                        Hexes                        3
   c - Gell's Gravitas                Hexes/Translocation          3
   d - Petrify                        Transmutation/Earth          4
   e - Metabolic Englaciation         Hexes/Ice                    5
   f - Yara's Violent Unravelling     Hexes/Transmutation          5
Comestibles
 f - 2 meat rations
 l - a beef jerky
 m - 3 chunks of flesh
 q - a slice of pizza


   Skills:
 + Level 4.9 Fighting
 + Level 5.9 Long Blades
 + Level 4.3 Armour
 + Level 1.6 Dodging
 + Level 0.8 Stealth
 + Level 4.6 Shields


You had 7 spell levels left.
You didn't know any spells.

Dungeon Overview and Level Annotations

Branches:
Dungeon (5/15)             Temple (0/1) D:5

Altars:
Ashenzari
Dithmenos
Elyvilon
Gozag
Makhleb
Okawaru
Qazlal
Ru
Sif Muna
The Shining One

Annotations:
D:4 1 runed door


Innate Abilities, Weirdness & Mutations

Your body is rotting away.
You thrive on raw meat.
You are immune to poison.
You have sharp fingernails.
You are carnivorous and can eat meat at any time.
Your flesh is cold resistant. (rC+)
You are immune to negative energy. (rN+++)
You regenerate slowly when monsters are visible.
You are immune to unholy pain and torment.
You can survive without breathing.


Message History

You hit the ogre but do no damage.
The ogre is lightly wounded.
The ogre barely misses you.
You hit the ogre but do no damage.
The ogre is lightly wounded.
The ogre hits you but does no damage.
Your chain mail prevents you from hitting the ogre.
The ogre is lightly wounded.
The ogre hits you with a giant spiked club!!
You slash the ogre!
The ogre is moderately wounded.
The ogre hits you with a giant spiked club!!
* * * LOW HITPOINT WARNING * * *
You hit the ogre but do no damage.
The ogre is moderately wounded.
The ogre hits you but does no damage.
You barely miss the ogre.
The ogre is moderately wounded.
The ogre hits you with a giant spiked club!!
You die...

##..## # ##### ####....# #
###...## ####.......# #
###......### ##..........####
#..........#######....###........
..............##....### ##.......
...................## ##.......
##.....#####.....O## #........
##(...# ###..@## ##........
##...# #...## ##...###... #...#
##....#####..### #... #...#
##...........## #..# ##..##
##.)..........# #..# #..##
#..<.........## #..# ##.##
#............# ##..# ##.##
##...........## #...# #.##
########.....#####...#


You could see an ogre.

Vanquished Creatures
  The ghost of M4edhros the Chopper, an amateur MiBe of Trog (D:4)
  A phantom (D:4)
  Blork the orc (D:5)
  A scorpion (D:4)
  A crimson imp (D:5)
  2 hounds (D:5)
  An orc priest (D:3)
  An iguana (D:5)
  Natasha (D:3)
  5 orc wizards
  6 worker ants
  A howler monkey skeleton (D:5)
  4 gnolls (D:3)
  9 adders
  A shadow imp (D:4)
  An ooze (D:3)
  An adder zombie (D:5)
  An adder skeleton (D:4)
  3 worms
  4 dart slugs
  3 leopard geckos
  13 orcs
  4 bats
  4 giant cockroaches
  6 goblins
  6 hobgoblins
  11 jackals
  6 kobolds
  A quokka (D:2)
  A ball python (D:1)
  3 frilled lizards
  A quokka skeleton (D:4)
  5 rats
110 creatures vanquished.

Notes
Turn   | Place    | Note
-------+----------+-------------------------------------------
     0 | D:1      | Peloso the Ghoul Fighter began the quest for the Orb.
     0 | D:1      | Reached XP level 1. HP: 19/19 MP: 0/0
    58 | D:1      | Reached skill level 2 in Long Blades
    80 | D:1      | Reached XP level 2. HP: 20/26 MP: 1/1
   563 | D:1      | Reached XP level 3. HP: 31/31 MP: 2/2
   975 | D:2      | Reached XP level 4. HP: 26/40 MP: 3/3
  1092 | D:2      | Found a stormy altar of Qazlal.
  1740 | D:3      | Reached skill level 3 in Long Blades
  1920 | D:3      | Reached XP level 5. HP: 35/46 MP: 4/4
  2250 | D:3      | Reached skill level 1 in Dodging
  2488 | D:3      | Reached XP level 6. HP: 40/52 MP: 5/5
  2494 | D:3      | Noticed Natasha
  2504 | D:3      | Killed Natasha
  2766 | D:3      | Found a shadowy altar of Dithmenos.
  2767 | D:3      | Found a burning altar of Makhleb.
  2769 | D:3      | Found an iron altar of Okawaru.
  2941 | D:3      | Reached skill level 4 in Long Blades
  3008 | D:4      | Noticed a phantom
  3045 | D:4      | Noticed M4edhros's ghost (amateur MiBe)
  3388 | D:4      | Killed M4edhros's ghost
  3388 | D:4      | Reached XP level 7. HP: 24/56 MP: 6/6
  3699 | D:4      | Reached skill level 5 in Long Blades
  3707 | D:4      | Found a deep blue altar of Sif Muna.
  3997 | D:4      | Found a runed door.
  4155 | D:3      | Found an opulent altar of Gozag.
  4155 | D:3      | Found a shattered altar of Ashenzari.
  4165 | D:3      | Became a worshipper of Warmaster Okawaru
  4343 | D:4      | Found a white marble altar of Elyvilon.
  4353 | D:4      | Found a sacrificial altar of Ru.
  4396 | D:4      | Found a glowing golden altar of the Shining One.
  4480 | D:5      | Entered Level 5 of the Dungeon
  4489 | D:5      | Reached XP level 8. HP: 66/67 MP: 7/7
  4579 | D:5      | Found a staircase to the Ecumenical Temple.
  4588 | D:5      | Noticed Blork the orc
  4609 | D:5      | Killed Blork the orc
  4975 | D:5      | Mangled by an ogre

Skill      XL: |  1  2  3  4  5  6  7 |
---------------+----------------------+-----
Long Blades    | 2 3 4 5 |  5.9
Shields        | 3 4 |  4.6
Armour         | 3 4 |  4.3
Fighting       | 4 |  4.9
Dodging        | 1 |  1.6
Stealth        | |  0.8

Action                   |  1- 3 |  4- 6 |  7- 9 || total
-------------------------+-------+-------+-------++-------
Melee: Long sword        |   115 |   250 |   249 ||   614
  Use: Scroll            |       |     9 |     1 ||    10
       Potion            |       |     2 |       ||     2
  Eat: Chunk             |       |    14 |    18 ||    32
Armor: Scale mail        |    49 |    74 |       ||   123
       Chain mail        |       |    10 |    94 ||   104
Dodge: Dodged            |    41 |    56 |    45 ||   142
Block: Shield            |    86 |   135 |   147 ||   368
       Reflection        |     1 |     3 |     1 ||     5
       Rpst.: Long sword |    14 |    18 |    11 ||    43
